 Dungeon Crawl Stone Soup version 0.22.1-1-ga44c0e5 (webtiles) character file.

267 Fang the Skirmisher (level 6, -3/58 HPs)
             Began as a Gargoyle Berserker on Sept 26, 2018.
             Was an Elder of Trog.
             Slain by an orc priest
             ... wielding a +0 flail
              (5 damage)
             ... on level 4 of the Dungeon.
             The game lasted 00:05:21 (3488 turns).

Fang the Skirmisher (Gargoyle Berserker)            Turns: 3488, Time: 00:05:22

Health: -3/58      AC:  6    Str: 28    XL:     6   Next: 21%
Magic:  6/6        EV: 12    Int:  7    God:    Trog [****..]
Gold:   90         SH:  0    Dex:  9    Spells: 5/5 levels left

rFire    . . .     SeeInvis .   a - +0 hand axe
rCold    . . .     Gourm    .   (no shield)
rNeg     + . .     Faith    +   b - +0 animal skin
rPois    ∞         Spirit   .   (no helmet)
rElec    +         Reflect  .   (no cloak)
rCorr    .         Harm     .   (no gloves)
MR       .....                  (no boots)
Stlth    ..........             e - amulet of faith
HPRegen  0.19/turn              (no ring)
MPRegen  0.10/turn              (no ring)

@: berserking, very quick
A: negative energy resistance 1, electricity resistance, unbreathing,
petrification resistance, rot immunity, AC +4
a: Berserk, Trog's Hand, Brothers in Arms, Renounce Religion


You were on level 4 of the Dungeon.
You worshipped Trog.
Trog was greatly pleased with you.
You were very hungry.

You visited 1 branch of the dungeon, and saw 4 of its levels.

You collected 90 gold pieces.

Inventory:

Hand Weapons
 a - a +0 hand axe (weapon)
Armour
 b - a +0 animal skin (worn)
Jewellery
 e - an amulet of faith (around neck)
Scrolls
 f - 3 scrolls of identify {unknown}
 g - a scroll of blinking {unknown}
 k - 6 scrolls of remove curse {unknown}
 l - a scroll of teleportation {unknown}
 n - a scroll of amnesia {unknown}
 q - a scroll of enchant weapon {unknown}
Potions
 d - a potion of curing {unknown}
 h - 3 potions of agility {unknown}
 i - 3 potions of lignification {unknown}
 j - a potion of heal wounds {unknown}
 m - a potion of berserk rage {unknown}
 p - a potion of haste
Comestibles
 c - 11 rations
 o - a chunk of flesh


   Skills:
 + Level 4.5 Fighting
 + Level 4.5 Axes
 + Level 2.4 Armour
 + Level 2.7 Dodging
 + Level 1.3 Stealth


You had 5 spell levels left.
You didn't know any spells.
Your spell library was empty.

Dungeon Overview and Level Annotations

Branches:
Dungeon (4/15)
 Temple: D:4-7

Altars:
Ashenzari
Dithmenos
Gozag
Makhleb


Innate Abilities, Weirdness & Mutations

You are resistant to torment.
Your stone body is resilient. (AC +4)
You are immune to poison.
You resist negative energy. (rN+)
You are resistant to electric shocks. (rElec)
You can survive without breathing.
You are immune to petrification.
You are immune to rotting.


Message History

* * * LOW HITPOINT WARNING * * *
The orc priest barely misses you.
You are too injured to fight recklessly!
Unknown command.
A red film seems to cover your vision as you go berserk!
You feel yourself moving faster!
You feel mighty!
You are feeling very hungry.
The hound barely misses you. The orc barely misses you.
The orc priest calls down the wrath of Beogh upon you.
Beogh smites you!
* * * LOW HITPOINT WARNING * * *
The hound closely misses you.
You barely miss the hound. You closely miss the orc priest.
You completely miss the orc priest. You slash the orc!
You kill the orc!
Trog accepts your kill. The hound bites you.
* * * LOW HITPOINT WARNING * * *
The orc priest hits you with a flail.
You die...

.......... .....
#....#.( .... #....#..
#... ..#....... #...
.#........ #...
.......... #...
#######.##
####..o############ #.#.
......o@......##..##.#..
......h)............###.
..............##..##.#.<
####...#########..# #.#.
#... #..# #### #... #..#
### ..... #..# #..
..#... #..####.# ......
#........


You could see a hound and 2 orc priests.

Vanquished Creatures
  2 hounds
  An orc wizard (D:3)
  An iguana (D:3)
  A gnoll (D:1)
  2 adders (D:3)
  2 worms
  5 dart slugs
  3 leopard geckos
  14 orcs
  A giant cockroach (D:1)
  9 goblins
  11 hobgoblins
  8 jackals (D:1)
  2 ball pythons
  9 bats
  4 frilled lizards
  3 kobolds
  16 rats
94 creatures vanquished.

Notes
Turn   | Place    | Note
-------+----------+-------------------------------------------
     0 | D:1      | Fang the Gargoyle Berserker began the quest for the Orb.
     0 | D:1      | Reached XP level 1. HP: 14/14 MP: 1/1
    82 | D:1      | Reached XP level 2. HP: 14/19 MP: 2/2
   247 | D:1      | Reached XP level 3. HP: 22/24 MP: 3/3
   310 | D:1      | Reached ** piety under Trog
  1214 | D:2      | Found an opulent altar of Gozag.
  1370 | D:2      | Reached XP level 4. HP: 18/29 MP: 4/4
  1721 | D:2      | Reached *** piety under Trog
  2227 | D:3      | Found a burning altar of Makhleb.
  2239 | D:3      | Reached skill level 1 in Stealth
  2246 | D:3      | Found a shadowy altar of Dithmenos.
  2462 | D:3      | Reached XP level 5. HP: 23/33 MP: 5/5
  2855 | D:3      | Found a shattered altar of Ashenzari.
  2914 | D:3      | Reached **** piety under Trog
  3083 | D:3      | Reached XP level 6. HP: 24/39 MP: 6/6
  3488 | D:4      | HP: 2/58 [hound (1)]
  3488 | D:4      | Slain by an orc priest

Skill      XL: |  1  2  3  4  5 |
---------------+----------------+-----
Axes           | 3 4 |  4.5
Fighting       | 4 |  4.5
Dodging        | 2 |  2.7
Stealth        | 1 |  1.3
Armour         | |  2.4

Action                   |  1- 3 |  4- 6 || total
-------------------------+-------+-------++-------
Melee: Hand axe          |   119 |   182 ||   301
Invok: Berserk           |     2 |     4 ||     6
  Eat: Chunk             |     3 |    10 ||    13
Armor: Animal skin       |    26 |    80 ||   106
Dodge: Dodged            |    77 |   165 ||   242
